 Dungeon Crawl Stone Soup version 0.20.1-1-g8b1a95d (webtiles) character file.

137 slep the Skirmisher (level 5, 0/48 HPs)
             Began as a Minotaur Abyssal Knight on Oct 26, 2017.
             Was a Follower of Lugonu.
             Succumbed to an adder's poison
             ... on level 3 of the Dungeon.
             The game lasted 00:06:46 (1381 turns).

slep the Skirmisher (Minotaur Abyssal Knight)       Turns: 1381, Time: 00:06:46

Health: 0/48       AC:  4    Str: 16    XL:     5   Next: 0%
Magic:  5/5        EV: 12    Int:  9    God:    Lugonu [*.....]
Gold:   53         SH:  0    Dex: 11    Spells: 4/4 levels left

rFire    . . .     SeeInvis .   a - +1 falchion
rCold    . . .     Gourm    .   (no shield)
rNeg     . . .     Faith    .   b - +0 leather armour
rPois    .         Spirit   .   (helmet restricted)
rElec    .         Reflect  .   (no cloak)
rCorr    .         Harm     .   (no gloves)
MR       +....                  r - +0 pair of boots
Stlth    +.........             (no amulet)
Regen    0.2/turn               n - ring of protection from magic
MPRegen  0.1/turn               (no ring)

@: lethally poisoned (0 -> -9), very slow
A: retaliatory headbutt, horns 2
a: Depart the Abyss, Renounce Religion


You were on level 3 of the Dungeon.
You worshipped Lugonu.
Lugonu was aware of your devotion.
You were hungry.

You visited 1 branch of the dungeon, and saw 3 of its levels.
You visited the Abyss 1 time.

You collected 53 gold pieces.

Inventory:

Hand Weapons
 a - a +1 falchion (weapon)
Armour
 b - a +0 leather armour (worn)
 r - a +0 pair of boots (worn)
Jewellery
 n - a ring of protection from magic (left hand)
Scrolls
 e - 2 scrolls of amnesia {unknown}
 f - a scroll of recharging {unknown}
 h - a scroll of noise {unknown}
 j - a scroll of teleportation {unknown}
 l - a scroll of fog {unknown}
 m - 2 scrolls of random uselessness {unknown}
 o - a scroll of remove curse {unknown}
 p - a scroll of blinking {unknown}
 q - 2 scrolls of identify {unknown}
 t - a scroll of enchant weapon {unknown}
Potions
 d - a potion of lignification
 i - a potion of curing
 k - a potion of might
Comestibles
 c - a bread ration
 g - a meat ration


   Skills:
 + Level 5.5 Fighting
 + Level 3.5 Long Blades
 + Level 2.8 Armour
 + Level 1.7 Dodging
 + Level 0.1 Stealth
 + Level 2.3 Invocations


You had 4 spell levels left.
You didn't know any spells.

Dungeon Overview and Level Annotations

Branches:
Dungeon (3/15)

Altars:
Okawaru

Portals:
Sewer: D:3


Innate Abilities, Weirdness & Mutations

You reflexively headbutt those who attack you in melee.
You have a pair of horns on your head.


Message History

Lugonu accepts your kill.
You have reached level 5!
You are feeling hungry.
* * * LOW HITPOINT WARNING * * *
You feel sick. The kobold closely misses you.
You riposte.
You closely miss the kobold. You barely miss the kobold.
Your headbutt misses the kobold.
* * * LOW HITPOINT WARNING * * *
You feel sick.
The kobold splashes around in the water.
You hit the kobold.
You kill the kobold!
Lugonu accepts your kill.
You hear a splash.
* * * LOW HITPOINT WARNING * * *
You feel sick.
* * * LOW HITPOINT WARNING * * *
You feel sick.
You see here an adder corpse.
You die...

.####### # #.. #. .......# ### ##
######.# ### #.# #≈# #.# #∩# ###
### #.# #≈# ..# #.. #.#.# ###≈#
#.# #.# #.#.# #.#≈# #.# #.# #.#.#
#.#@# #<# ###.# #.#.#####.#†# #.#
##...# #.#.##....#≈# #.# #.##.###
######.#......[#)###.#####.##.#
.(.....#........(..........##.###
###........(.....................
#.#####..............K...#..###
#.# ###.....####...##.##.#..#
###.###....<#####.....#.##.#..###


There were no monsters in sight!

Vanquished Creatures
  2 orc wizards (D:3)
  4 adders (D:3)
  A worm (D:3)
  A dart slug (D:3)
  A leopard gecko (D:1)
  8 orcs (D:3)
  A giant cockroach (D:1)
  2 goblins
  2 hobgoblins (D:1)
  2 jackals (D:1)
  A quokka (D:3)
  A ball python (D:3)
  3 bats (D:3)
  2 frilled lizards
  5 kobolds
  4 rats
40 creatures vanquished.

Notes
Turn   | Place    | Note
-------+----------+-------------------------------------------
     0 | Abyss:1  | slep the Minotaur Abyssal Knight began the quest for the Orb.
     0 | Abyss:1  | Reached XP level 1. HP: 19/19 MP: 1/1
    28 | Abyss:1  | Noticed a quasit
    50 | Abyss:1  | Noticed a ynoxinul
    54 | D:1      | Escaped the Abyss
   219 | D:1      | Reached * piety under Lugonu
   219 | D:1      | Reached XP level 2. HP: 19/27 MP: 2/2
   343 | D:1      | Reached skill level 4 in Fighting
   793 | D:3      | Found an iron altar of Okawaru.
   896 | D:3      | Reached XP level 3. HP: 30/34 MP: 3/3
   951 | D:3      | Reached XP level 4. HP: 12/41 MP: 4/4
  1106 | D:3      | Reached skill level 5 in Fighting
  1370 | D:3      | Found a glowing drain.
  1377 | D:3      | Reached XP level 5. HP: 6/48 MP: 5/5
  1380 | D:3      | HP: 2/48 [poisoned by an adder]
  1381 | D:3      | Succumbed to an adder's poison

Skill      XL: |  1  2  3  4 |
---------------+-------------+-----
Invocations    | 2 |  2.3
Fighting       | 4 5 |  5.5
Long Blades    | 3 |  3.5
Armour         | |  2.8
Dodging        | |  1.7
Stealth        | |  0.1

Action                   |  1- 3 |  4- 6 || total
-------------------------+-------+-------++-------
Melee: Falchion          |    38 |    42 ||    80
       Headbutt          |     2 |     7 ||     9
Invok: Depart the Abyss  |     1 |       ||     1
  Use: Potion            |       |     6 ||     6
  Eat: Chunk             |       |     1 ||     1
Armor: Leather armour    |    16 |     7 ||    23
Dodge: Dodged            |    29 |    22 ||    51
       Rpst.: Falchion   |     5 |     8 ||    13
